 Dungeon Crawl Stone Soup version 0.29.1-13-g9f3cf754e1 (webtiles) character file.

Game seed: 8454471927307905065

111013 cowcol the Warrior (level 16, -6/165 HPs)
             Began as a Minotaur Fighter on Feb 7, 2023.
             Was the Champion of Okawaru.
             Killed from afar by a hell hog (14 damage)
             ... with a fireball
             ... on level 1 of the Depths.
             The game lasted 02:01:46 (40675 turns).

cowcol the Warrior (Minotaur Fighter)              Turns: 40675, Time: 02:01:48

Health: -6/165     AC: 33    Str: 26    XL:     16   Next: 8%
Magic:  0/18       EV: 12    Int:  7    God:    Okawaru [******]
Gold:   2459       SH:  0    Dex: 15    Spells: 15/15 levels left

rFire   . . .      SeeInvis +   p - +8 battleaxe (elec)
rCold   + . .      Faith    .   (shield currently unavailable)
rNeg    . . .      Spirit   +   A - +4 plate armour "Duppap" {Int+5 SInv}
rPois   +          Reflect  .   Q - +1 hat
rElec   +          Harm     .   W - +1 cloak "Ybbug" {rElec Int-3 Slay+2}
rCorr   .          Rampage  .   r - +2 pair of gloves "Kir Haef" {Regen+ Dex+2 Slay+3}
Will    +....      Clarity  +   v - +2 pair of boots
Stlth   ..........              X - amulet of guardian spirit
HPRegen 1.17/turn               o - +4 ring of evasion
MPRegen 0.16/turn               u - ring of protection from cold

@: about to teleport
A: horns 2, retaliatory headbutt, iridescent scales 1, clarity, poison
resistance
a: Renounce Religion, Heroism, Finesse, Duel


You were on level 1 of the Depths.
You worshipped Okawaru.
Okawaru was exalted by your worship.
You visited 5 branches of the dungeon, and saw 24 of its levels.

You collected 2999 gold pieces.
You spent 540 gold pieces at shops.

Inventory:

Hand Weapons
 b - a +2 war axe of freezing
 m - a +3 short sword of freezing
 p - a +8 battleaxe of electrocution (weapon)
 y - a +2 flail of protection
 z - a +3 hand axe of flaming
 P - a +3 long sword of freezing
Missiles
 f - 15 poisoned darts
 s - 6 boomerangs of dispersal
 B - 15 boomerangs
 M - 7 javelins
 Z - 13 atropa-tipped darts
Armour
 r - the +2 pair of gloves "Kir Haef" (worn) {Regen+ Dex+2 Slay+3}
   (Okawaru gifted it to you on level 4 of the Lair of Beasts)

   Dex:       It affects your dexterity (+2).
   Slay:      It affects your accuracy & damage with ranged weapons and melee
   (+3).
   Regen:     It increases your rate of health regeneration.
 v - a +2 pair of boots (worn)
 A - the +4 plate armour "Duppap" (worn) {Int+5 SInv}
   (You found it on level 5 of the Lair of Beasts)

   Int:       It affects your intelligence (+5).
   SInv:      It lets you see invisible.
 D - the +1 ring mail of Purpose {Int+3}
   (You found it on level 4 of the Dungeon)

   Int:       It affects your intelligence (+3).
 H - a +0 cloak
 J - +0 steam dragon scales
 Q - a +1 hat (worn)
 R - a +2 leather armour of fire resistance
 W - the +1 cloak "Ybbug" (worn) {rElec Int-3 Slay+2}
   (You found it on level 11 of the Dungeon)

   Int:       It affects your intelligence (-3).
   Slay:      It affects your accuracy & damage with ranged weapons and melee
   (+2).
   rElec:     It insulates you from electricity.
Jewellery
 e - a ring of see invisible
 i - a ring of flight
 o - a +4 ring of evasion (left hand)
 u - a ring of protection from cold (right hand)
 N - an amulet of reflection
 X - an amulet of guardian spirit (around neck)
Wands
 j - a wand of iceblast (4)
 q - a wand of flame (13)
 C - a wand of acid (4)
 O - a wand of charming (31)
Scrolls
 c - a scroll of fear
 g - 9 scrolls of teleportation
 k - 2 scrolls of amnesia
 t - a scroll of silence
 w - 6 scrolls of butterflies
 G - 4 scrolls of poison
 T - a scroll of acquirement
 V - 4 scrolls of identify
Potions
 l - 4 potions of flight
 n - 7 potions of brilliance
 x - a potion of resistance
 E - 9 potions of curing
 I - a potion of lignification
 L - 2 potions of berserk rage
Miscellaneous
 a - a box of beasts
 K - a phantom mirror


   Skills:
 + Level 20.8 Fighting
 + Level 1.1 Long Blades
 - Level 20.7(21.0) Axes
 + Level 5.9(14.7) Maces & Flails
 - Level 5.0 Throwing
 + Level 15.1 Armour
 - Level 4.1 Shields
 - Level 5.0 Invocations
 - Level 3.0 Evocations


You had 15 spell levels left.
You didn't know any spells.
Your spell library contained the following spells:

 Spells                   Type           Power      Damage    Failure   Level
 Magic Dart               Conj           0%         1d3       97%         1
 Slow                     Hex            0%         N/A       97%         1
 Sting                    Tmut/Pois      0%         1d3       97%         1
 Poisonous Vapours        Pois/Air       0%         N/A       99%         2
 Sublimation of Blood     Necr           0%         N/A       99%         2
 Wereblood                Tmut           0%         N/A       99%         2
 Confusing Touch          Hex            0%         N/A       100%        3
 Ignite Poison            Fire/Tmut/Pois 0%         N/A       100%        3
 Inner Flame              Hex/Fire       0%         N/A       100%        3
 Mephitic Cloud           Conj/Pois/Air  0%         N/A       100%        3
 Ozocubu's Armour         Ice            0%         N/A       100%        3
 Portal Projectile        Hex/Tloc       0%         N/A       100%        3
 Spider Form              Tmut/Pois      0%         N/A       100%        3
 Stone Arrow              Conj/Erth      0%         3d7       100%        3
 Vampiric Draining        Necr           0%         2d6       100%        3
 Leda's Liquefaction      Hex/Erth       0%         N/A       100%        4
 Olgreb's Toxic Radiance  Pois           0%         N/A       100%        4
 Blade Hands              Tmut           0%         N/A       100%        5
 Fireball                 Conj/Fire      0%         3d3       100%        5
 Freezing Cloud           Conj/Ice/Air   0%         6-21      100%        5
 Lee's Rapid Deconstruct  Erth           0%         3d5*      100%        5
 Metabolic Englaciation   Hex/Ice        0%         N/A       100%        5
 Statue Form              Tmut/Erth      0%         N/A       100%        6
 Ozocubu's Refrigeration  Ice            0%         4d7       100%        7
 Lehudib's Crystal Spear  Conj/Erth      0%         10d2      100%        8
 Summon Small Mammal      Summ           Unusable   N/A       N/A         1
 Call Imp                 Summ           Unusable   N/A       N/A         2
 Call Canine Familiar     Summ           Unusable   N/A       N/A         3
 Summon Guardian Golem    Hex/Summ       Unusable   N/A       N/A         3
 Tukima's Dance           Hex            Unusable   N/A       N/A         3
 Animate Armour           Summ/Erth      Unusable   N/A       N/A         4
 Simulacrum               Ice/Necr       Unusable   N/A       N/A         6
 Summon Hydra             Summ           Unusable   N/A       N/A         7

Dungeon Overview and Level Annotations

Branches:
Dungeon (15/15)            Temple (1/1) D:4            Lair (5/5) D:11
 Shoals (0/4) Lair:3       Spider (0/4) Lair:3        Slime (0/5) Lair:5
    Orc (2/2) D:9             Elf (0/3) Orc:2        Vaults (0/5) D:13
 Depths (1/4) D:15

Altars:
Ashenzari
Cheibriados
Dithmenos
Elyvilon
Fedhas
Gozag
Hepliaklqana
Kikubaaqudgha
Makhleb
Nemelex Xobeh
Okawaru
Qazlal
Ru
Sif Muna
Trog
Uskayaw
Vehumet
Wu Jian
Xom
Yredelemnul
Zin
The Shining One
Jiyva

Shops:
D:3 *   D:6 [   D:8 *   D:9 *   D:10 *   D:13 :   Orc:2 [*!*!

Portals:
Ziggurat: Depths:1


Innate Abilities, Weirdness & Mutations

You have a pair of horns on your head.
You reflexively headbutt those who attack you in melee.
You are partially covered in iridescent scales. (AC +2)
You possess an exceptional clarity of mind.
Your system is resistant to poisons. (rPois)


Message History

Lightning courses through the hellephant!
The hell hog bites you but does no damage.
The hellephant completely misses you. The hellephant barely misses you.
The hellephant completely misses you.
You carve the hell hog like the proverbial ham!!!
You kill the hell hog!
Okawaru accepts your kill.
You slice the hellephant!! The hellephant closely misses you.
The hellephant bites you but does no damage.
The hellephant gores you but does no damage.
The hellephant breathes flames at you. The blast of flame hits you!!
You see here a hell hog corpse.
The hellephant blinks!
The hellephant breathes flames at you. The blast of flame hits you!!
You hear an angry squeal.
A hell hog comes into view.
The hellephant blinks!
The hellephant breathes flames at you. The blast of flame hits you!!!!
The hellephant tramples you!
* * * LOW HITPOINT WARNING * * *
You stumble backwards!
You barely miss the hellephant.
The hellephant tramples you but does no damage.
The hellephant bites you but does no damage.
The hellephant gores you but does no damage.
The hell hog squeals angrily.
You slash the hellephant! You headbutt the hellephant.
The hellephant is lightly wounded.
The hellephant blinks!
As you read the scroll of teleportation, it crumbles to dust.
You feel strangely unstable. The hell hog breathes fire at you.
The fireball explodes!
The fireball engulfs you!!!
* * * LOW HITPOINT WARNING * * *
The hell hog breathes fire at you.
The fireball explodes!
The fireball engulfs you!
You die...

..#**,...........#...##....###..#
...,,,....###....#...#.......#+##
....,,...,* #...##,,##...........
....,,....###..>#,,,#............
,,,,,,..........#,>,#............
,,,,,*#+##.....h#,,,#.........≈..
,,,,,*~~~#......##**##........≈~~
,,,,,+~~~+.....§.# #....#...≈..
,,,,**~~~#...§..@## ##...###..≈~.
,,,****+*#...Y....###.....#...≈~.
,,,* *,.Y.......†............≈..
,,,** *#......................≈..
,,,,***..........................
,,,,*,,,......Y........###.......
,**,**,,.............h#..#....#..
,*,*,**,,....#.........####..###.
*,*,***,,,.########...#....###.##


You could see 3 hellephants and 2 hell hogs.

Vanquished Creatures
  Rupert (D:12)
  Jorgrun (D:14)
  Kirke (D:15)
  An orc warlord (Orc:2)
  2 stone giants (Depths:1)
  A broodmother (Depths:1)
  2 very ugly things (Depths:1)
  A vampire knight (Depths:1)
  The ghost of Jingleheimer the Warrior, a journeyman MiGl of Trog (D:12)
  Snorg (Lair:5)
  An ettin (Depths:1)
  A fire dragon (shapeshifter) (D:15)
  Josephine (Lair:5)
  A rakshasa (Depths:1)
  4 vault guards
  An ice dragon (Depths:1)
  A great orb of eyes (D:15)
  11 hydras
  3 boulder beetles
  3 catoblepae
  A two-headed ogre (D:12)
  Erica (Lair:2)
  3 centaur warriors
  A deep troll shaman (Lair:5)
  3 tengu warriors
  7 death yaks
  3 hell hogs (Depths:1)
  A spriggan berserker (Depths:1)
  A swamp dragon (D:11)
  A lindwurm (Lair:5)
  2 orc knights
  A wizard (D:12)
  A deep elf zephyrmancer (Orc:2)
  A harpy (shapeshifter) (D:13)
  5 deep elf pyromancers
  An orc sorcerer (Orc:1)
  20 ugly things
  A moth of wrath (shapeshifter) (D:12)
  10 cyclopes
  A manticore (D:11)
  29 elephants
  2 merfolk sirens (Lair:3)
  11 black mambas
  A guardian serpent (D:11)
  A torpor snail (Lair:5)
  A gargoyle (D:12)
  2 rime drakes
  5 cane toads
  An unseen horror (D:12)
  4 tengu conjurers
  7 komodo dragons
  6 trolls
  6 meliai
  2 merfolk (Lair:3)
  7 polar bears
  A hornet (D:9)
  4 blink frogs (Lair:3)
  15 slime creatures
  5 dream sheep
  A centaur simulacrum (D:15)
  2 jumping spiders (Lair:3)
  A spriggan (Lair:4)
  5 wyverns
  A culicivora (shapeshifter) (D:15)
  Sigmund (D:2)
  3 shadows
  3 humans (D:15)
  7 wraiths
  25 yaks
  A hog (D:15)
  A redback (Lair:3)
  2 basilisks
  5 steam dragons
  8 vampire mosquitoes
  3 wargs
  4 acid dragons
  20 water moccasins
  Duvessa (D:4)
  7 black bears
  2 sky beasts (D:7)
  2 swamp drakes
  48 orc warriors
  10 ogres
  18 centaurs
  23 wolves
  2 kobold brigands
  15 bullfrogs
  2 gnoll sergeants
  2 scorpions
  2 necrophages
  14 wights
  Dowan (D:4)
  10 killer bees
  An electric eel (D:11)
  A crimson imp (Orc:2)
  4 jellies
  12 orc priests
  4 hounds
  An iron imp (Orc:2)
  3 iguanas
  Natasha (thrice) (D:2)
  31 orc wizards
  Robin (D:4)
  9 adders
  A shadow imp (Orc:2)
  2 white imps
  An ufetubus (D:4)
  2 worms (D:3)
  3 dart slugs
  91 orcs
  4 endoplasms
  4 giant cockroaches
  15 goblins
  6 hobgoblins
  4 jackals (D:2)
  22 kobolds
  3 quokkas
  7 ball pythons
  7 bats
  A frilled lizard (D:3)
  8 rats
717 creatures vanquished.

Vanquished Creatures (others)
  An orc (D:11)
  A bush (Lair:5)
  27 fungi
  44 plants
73 creatures vanquished.

Grand Total: 790 creatures vanquished

Notes
Turn   | Place    | Note
-------+----------+-------------------------------------------
     0 | D:1      | cowcol the Minotaur Fighter began the quest for the Orb.
     0 | D:1      | Reached XP level 1. HP: 19/19 MP: 0/0
   162 | D:1      | Reached XP level 2. HP: 24/27 MP: 1/1
   678 | D:1      | Reached XP level 3. HP: 33/33 MP: 2/2
   873 | D:1      | You fall into a shaft and drop 1 floor!
   907 | D:2      | Noticed Natasha
   940 | D:2      | Noticed Sigmund
  1508 | D:2      | Killed Natasha
  1509 | D:2      | Reached skill level 1 in Throwing
  1509 | D:2      | Reached XP level 4. HP: 29/40 MP: 3/3
  1707 | D:2      | Found a faded altar of an unknown god.
  1753 | D:2      | Killed Sigmund
  1754 | D:2      | Reached skill level 5 in Axes
  1754 | D:2      | Reached XP level 5. HP: 47/47 MP: 4/4
  1766 | D:2      | Reached XP level 6. HP: 43/53 MP: 5/5
  1783 | D:2      | Noticed Natasha
  1790 | D:2      | Killed Natasha
  1851 | D:2      | Noticed Natasha
  1860 | D:2      | Killed Natasha
  2550 | D:3      | Found Duskoug's Assorted Antiques.
  2566 | D:3      | Bought 2 scrolls labelled ZISSACZI JAZO for 36 gold pieces
  2692 | D:3      | Reached skill level 5 in Armour
  3255 | D:3      | Reached XP level 7. HP: 55/60 MP: 6/6
  3469 | D:4      | Found a staircase to the Ecumenical Temple.
  3480 | Temple   | Entered the Ecumenical Temple
  3767 | D:4      | Noticed Robin
  3777 | D:4      | Killed Robin
  3986 | D:4      | Reached skill level 1 in Maces & Flails
  4049 | D:4      | Noticed Duvessa
  4058 | D:4      | Killed Duvessa
  4058 | D:4      | Noticed Dowan
  4059 | D:4      | Reached skill level 5 in Fighting
  4068 | D:4      | Killed Dowan
  4561 | D:4      | Identified the +1 ring mail of Purpose {Int+3}
  5234 | D:5      | Entered Level 5 of the Dungeon
  5725 | D:5      | Reached XP level 8. HP: 68/68 MP: 7/7
  6801 | D:6      | Reached skill level 5 in Maces & Flails
  6931 | D:6      | Found Apuc's Antique Armour Boutique.
  6946 | D:6      | Got the Tome of the Inferno and Changing
  7255 | D:6      | Found a bloodstained altar of Trog.
  7361 | D:6      | Found a burning altar of Makhleb.
  7870 | D:7      | Found an opulent altar of Gozag.
  7870 | D:7      | Found a blossoming altar of Fedhas.
  7928 | D:7      | Found an iron altar of Okawaru.
  7928 | D:7      | Found a stormy altar of Qazlal.
  7958 | D:7      | Reached XP level 9. HP: 75/75 MP: 8/8
  8028 | D:7      | Found a sacrificial altar of Ru.
  8028 | D:7      | Found an ornate altar of the Wu Jian Council.
  8045 | D:7      | Became a worshipper of Warmaster Okawaru
  8103 | D:7      | Reached skill level 10 in Axes
  8429 | D:7      | Reached skill level 1 in Evocations
  8708 | D:7      | Reached * piety under Okawaru
  8991 | D:8      | Noticed a purple ugly thing
  9003 | D:8      | Killed a purple ugly thing
  9383 | D:8      | Reached ** piety under Okawaru
 10532 | D:8      | Reached XP level 10. HP: 69/86 MP: 9/9
 11077 | D:8      | Found Vidoro's Changing Room.
 11121 | D:8      | Bought a potion of mutation for 120 gold pieces
 11436 | D:8      | Gained mutation: Your mind is acute. (Int +4, Str/Dex -1)
                  | [potion of mutation]
 11436 | D:8      | Gained mutation: You expend magic power (3 MP) to
                  | strengthen your wands. [potion of mutation]
 11436 | D:8      | Lost mutation: Your mind is acute. (Int +4, Str/Dex -1)
                  | [potion of mutation]
 11437 | D:8      | Lost mutation: You expend magic power (3 MP) to strengthen
                  | your wands. [potion of mutation]
 11437 | D:8      | Gained mutation: Your mind is acute. (Int +4, Str/Dex -1)
                  | [potion of mutation]
 11437 | D:8      | Gained mutation: Your mind is very acute. (Int +8, Str/Dex
                  | -2) [potion of mutation]
 11438 | D:8      | Lost mutation: Your mind is very acute. (Int +8, Str/Dex
                  | -2) [potion of mutation]
 11438 | D:8      | Lost mutation: Your mind is acute. (Int +4, Str/Dex -1)
                  | [potion of mutation]
 11438 | D:8      | Gained mutation: Your body sometimes deteriorates upon
                  | taking damage. [potion of mutation]
 11438 | D:8      | Gained mutation: You have sharp toenails. [potion of
                  | mutation]
 11438 | D:8      | Gained mutation: Your system is resistant to poisons.
                  | (rPois) [potion of mutation]
 11508 | D:9      | Reached *** piety under Okawaru
 11560 | D:8      | Bought a potion of mutation for 120 gold pieces
 11560 | D:8      | Lost mutation: You have sharp toenails. [potion of
                  | mutation]
 11560 | D:8      | Lost mutation: Your body sometimes deteriorates upon taking
                  | damage. [potion of mutation]
 11560 | D:8      | Gained mutation: You are partially covered in iridescent
                  | scales. (AC +2) [potion of mutation]
 11560 | D:8      | Gained mutation: You possess an exceptional clarity of
                  | mind. [potion of mutation]
 12040 | D:9      | Identified the +1 robe of Xeaphuar {rCorr Str-4 Slay+2}
 12304 | D:9      | Found a staircase to the Orcish Mines.
 12515 | D:9      | Found Baecaq Volyss's Assorted Antiques.
 12523 | D:9      | Bought a scroll of identify for 54 gold pieces
 12827 | D:10     | Entered Level 10 of the Dungeon
 12833 | D:10     | Found Teteip's General Store.
 12842 | D:10     | Reached skill level 1 in Invocations
 12853 | D:10     | Bought a potion of heal wounds for 70 gold pieces
 12853 | D:10     | Bought a scroll of identify for 28 gold pieces
 12853 | D:10     | Bought a potion of curing for 42 gold pieces
 12955 | D:10     | Noticed a seven-headed hydra
 12972 | D:10     | Killed a seven-headed hydra
 12972 | D:10     | Reached **** piety under Okawaru
 12973 | D:10     | Reached skill level 10 in Armour
 14084 | D:11     | Reached XP level 11. HP: 95/95 MP: 11/11
 14135 | D:11     | Found a staircase to the Lair.
 14290 | D:11     | Noticed a swamp dragon
 14290 | D:11     | a cyclops changed into a swamp dragon
 14295 | D:11     | Killed a swamp dragon
 14940 | D:11     | Identified the +1 cloak "Ybbug" {rElec Int-3 Slay+2}
 15970 | D:12     | Noticed a four-headed hydra
 15984 | D:11     | Killed a four-headed hydra
 15985 | D:11     | Reached skill level 15 in Axes
 16311 | D:11     | Reached ***** piety under Okawaru
 16553 | D:12     | Noticed a wizard
 16554 | D:12     | Found a runed translucent gate.
 16554 | D:12     | Noticed Jingleheimer's ghost (journeyman MiGl)
 16555 | D:12     | Found a runed translucent gate.
 16556 | D:12     | Found a runed translucent gate.
 16561 | D:12     | Noticed a white ugly thing
 16949 | D:12     | Noticed a cyan ugly thing
 16963 | D:12     | Killed a cyan ugly thing
 16963 | D:12     | Received a gift from Okawaru
 17699 | D:12     | Noticed Rupert
 17721 | D:12     | Killed Rupert
 18023 | Lair:1   | Entered Level 1 of the Lair of Beasts
 18156 | Lair:1   | Reached XP level 12. HP: 105/105 MP: 12/14
 18564 | Lair:1   | Received a gift from Okawaru
 18728 | Lair:1   | Noticed a six-headed hydra
 19212 | D:11     | Killed a six-headed hydra
 19368 | Lair:1   | Identified the +2 robe "Vicacw" {Str-5 Int+5} (Okawaru
                  | gifted it to you on level 1 of the Lair of Beasts)
 19368 | Lair:1   | Received a gift from Okawaru
 19860 | Lair:1   | Found a shimmering altar of Xom.
 20053 | Lair:2   | Noticed a boulder beetle
 20053 | Lair:2   | Found a hide-covered altar of Uskayaw.
 20063 | Lair:2   | Killed a boulder beetle
 20064 | Lair:2   | Found an ornate altar of the Wu Jian Council.
 20271 | Lair:2   | Noticed Erica
 20279 | Lair:2   | Killed Erica
 20280 | Lair:2   | Reached skill level 10 in Fighting
 20295 | Lair:2   | Noticed a death yak
 20296 | Lair:2   | Noticed a death yak
 20296 | Lair:2   | Noticed a death yak
 20296 | Lair:2   | Noticed a death yak
 20343 | Lair:1   | Killed a death yak
 20344 | Lair:1   | Killed a death yak
 20812 | Lair:1   | Killed a death yak
 20827 | Lair:2   | Killed a death yak
 21260 | Lair:2   | Found a shimmering blue altar of Sif Muna.
 21305 | Lair:2   | Noticed a four-headed hydra
 21316 | Lair:2   | Killed a one-headed hydra
 21986 | Lair:3   | Received a gift from Okawaru
 21992 | Lair:3   | Reached ****** piety under Okawaru
 22057 | Lair:3   | Reached XP level 13. HP: 122/122 MP: 15/15
 22081 | Lair:3   | Received a gift from Okawaru
 22114 | Lair:3   | Reached skill level 1 in Long Blades
 22513 | Lair:3   | Found a hole to the Spider Nest.
 22786 | Lair:3   | Found a staircase to the Shoals.
 23845 | Lair:4   | Received a gift from Okawaru
 24899 | Lair:5   | Entered Level 5 of the Lair of Beasts
 24899 | Lair:5   | Noticed Nessos
 24933 | Lair:5   | Noticed Snorg
 25377 | Lair:5   | Reached skill level 15 in Fighting
 25396 | Lair:4   | Identified the +2 pair of gloves "Kir Haef" {Regen+ Dex+2
                  | Slay+3} (Okawaru gifted it to you on level 4 of the Lair of
                  | Beasts)
 25396 | Lair:4   | Received a gift from Okawaru
 26145 | Lair:5   | Noticed Nessos
 26145 | Lair:5   | Nessos changed into Nessos the elephant
 26151 | Lair:5   | Killed Nessos the elephant
 26862 | Lair:5   | Killed Snorg
 26863 | Lair:5   | Reached XP level 14. HP: 77/135 MP: 6/16
 28098 | Lair:4   | Identified the +9 dire flail of Ontar {vamp, Will++ Str-4}
                  | (Okawaru gifted it to you on level 4 of the Lair of Beasts)
 28098 | Lair:4   | Received a gift from Okawaru
 28263 | Lair:5   | Noticed Josephine
 28269 | Lair:5   | Killed Josephine
 28802 | Lair:5   | Found a staircase to the Slime Pits.
 28803 | Lair:5   | Found a viscous altar of Jiyva.
 29467 | Lair:5   | Identified the +1 kite shield "Lostrosh" {-Cast rF+ Str+4}
                  | (Okawaru gifted it to you on level 5 of the Lair of Beasts)
 29467 | Lair:5   | Received a gift from Okawaru
 29539 | Lair:5   | Identified the +4 plate armour "Duppap" {Int+5 SInv}
 29556 | Lair:5   | Identified a scroll of acquirement
 29995 | D:13     | Found Katoren's Book Shop.
 30294 | D:13     | Found a gate to the Vaults.
 31174 | Orc:1    | Entered Level 1 of the Orcish Mines
 31388 | Orc:2    | Entered Level 2 of the Orcish Mines
 32546 | Orc:2    | Reached XP level 15. HP: 147/147 MP: 17/17
 32570 | Orc:2    | Found Pileryhau's General Store.
 32570 | Orc:2    | Found Room's Distillery.
 32573 | Orc:2    | Found Udetets's Distillery.
 32575 | Orc:2    | Found Guppoel's General Store.
 32602 | Orc:2    | Bought a potion of heal wounds for 70 gold pieces
 32650 | Orc:2    | Found a staircase to the Elven Halls.
 33118 | Orc:2    | Found Uhuh's Antique Armour Boutique.
 33467 | Orc:1    | Noticed an orc warlord
 33613 | Orc:2    | Killed an orc warlord
 33950 | Orc:1    | Received a gift from Okawaru
 34828 | D:14     | Noticed Jorgrun
 34840 | D:14     | Killed Jorgrun
 34841 | D:14     | Reached skill level 15 in Armour
 35115 | D:13     | Reached skill level 5 in Invocations
 35617 | D:14     | Received a gift from Okawaru
 35617 | D:14     | Found the +2 hat of the Bear Spirit {Spirit, *Rage Will++}
 36529 | D:15     | Entered Level 15 of the Dungeon
 37419 | D:15     | Noticed Kirke
 37422 | D:15     | Killed Kirke
 38725 | D:15     | Found a staircase to the Depths.
 38729 | D:15     | Received a gift from Okawaru
 38922 | D:12     | Killed Jingleheimer's ghost
 39592 | Depths:1 | Entered Level 1 of the Depths
 39688 | Depths:1 | Found a glowing silver altar of Zin.
 39973 | Depths:1 | HP: 11/232 [spriggan berserker/+0 broad axe (27)]
 39978 | Depths:1 | Reached skill level 5 in Throwing
 40129 | Depths:1 | Found a one-way gateway to a ziggurat.
 40129 | Depths:1 | Noticed a daeva
 40301 | Depths:1 | Reached XP level 16. HP: 154/165 MP: 16/18
 40485 | Depths:1 | Noticed a hellephant
 40492 | Depths:1 | Noticed a hellephant
 40492 | Depths:1 | Noticed a hellephant
 40495 | Depths:1 | HP: 6/165 [hell hog/fireball (28)]
 40675 | Depths:1 | HP: 8/165 [hell hog/fireball (38)]
 40675 | Depths:1 | Killed from afar by a hell hog

Illustrated notes

Levels and vault maps discovered:
D:1:      dpeg_arrival_shelter, layout_rooms, serial_corexii_hall,
          corexii_hall_statues_x, corexii_hall_statues_l,
          kennysheep_small_spiral
D:2:      minmay_recursive_quarters, layout_rooms,
          hellmonk_ecumenical_altar_pennies_from_heaven, dk_noncrumbling_3,
          moated_statue, uniq_natasha, uniq_sigmund
D:3:      layout_basic, serial_shops, nicolae_shop_waterfront
D:4:      layout_layer_cave, minmay_temple_entry_ruins, uniq_robin, uniq_duvessa
D:5:      layout_loops_ring, kennysheep_nondescript
D:6:      layout_basic, kennysheep_mini_moat, trog_three_pillars_becter,
          serial_shops, shop
D:7:      layout_rooms, chequers_temple_overflow_statue_of_worship,
          grunt_temple_overflow_open
D:8:      layout_loops_ring, nicolae_transmutations_shop, nicolae_titane
D:9:      layout_irregular_city, erik_orc_1, serial_shops, nicolae_shop_crystal,
          st_stairs_9
D:10:     layout_grid_maze, serial_shops, shop
D:11:     cheibrodos_helix_gallery, layout_basic,
          grunt_lair_entry_orc_guard_hut, nrook_guardian_serpent_double
D:12:     layout_cave_pools, gammafunk_ghost_split, serial_column_ruins,
          column_ruins_pillar_1, column_ruins_pillar_1, column_ruins_pillar_2,
          column_ruins_pillar_1, column_ruins_pillar_6, column_ruins_pillar_6,
          column_ruins_pillar_6, column_ruins_pillar_1, column_ruins_pillar_8,
          column_ruins_pillar_2, column_ruins_pillar_4, column_ruins_pillar_2,
          column_ruins_pillar_1, column_ruins_pillar_11, column_ruins_pillar_7,
          column_ruins_pillar_6, column_ruins_pillar_1, column_ruins_pillar_2,
          column_ruins_pillar_2, uniq_rupert
D:13:     layout_cave_pools, lightli_vaults_fourway_checkpoint, serial_shops,
          shop, drop_trap
D:14:     layout_long_grid, uniq_jorgrun
D:15:     gammafunk_enter_depths_forms, layout_small_grid,
          hangedman_abyss_or_decor_stabs, minivault_23, uniq_kirke
Temple:   minmay_temple_curvy_branch
Lair:1:   layout_regular_city, basic_altar
Lair:2:   layout_long_grid, basic_altar, nzn_masters_of_martial_movement,
          uniq_erica
Lair:3:   layout_cave_pods, elwin_shoals_entry_stream, spider_nest_entry_a,
          beast_lair_carwin_3, lemuel_fruit_fields, grunt_megastairs_3,
          lemuel_fruit_tree, serial_bayou_shore_b
Lair:4:   layout_big_grid, forest_entry_grove, serial_bayou_shore_b
Lair:5:   grunt_lair_end_beastmaster, layout_layer_cave,
          minmay_slime_entry_pillars, uniq_nessos, uniq_josephine, uniq_snorg
Orc:1:    layout_caves
Orc:2:    st_orc_rangers, layout_diamond_mine, serial_shops, shop,
          hangedman_minor_magic
Depths:1: layout_big_octagon, enter_ziggurat_c, grunt_hell_horde,
          nicolae_trove_entry_crossroad, minmay_liquid_box,
          chequers_serial_rivers_micro_e, zin_academy, grunt_megastairs_4

Skill      XL: |  1  2  3  4  5  6  7  8  9 10 11 12 13 14 15 |
---------------+----------------------------------------------+-----
Fighting       | 4 5 6 7 8 9 13 15 17 20 | 20.8
Axes           | 3 4 5 6 7 9 12 14 16 17 19 20 | 20.7
Armour         | 4 5 6 7 8 10 12 13 14 15 | 15.1
Throwing       | 1 2 3 5 |  5.0
Maces & Flails | 4 5 |  5.9
Evocations     | 2 3 |  3.0
Invocations    | 1 4 5 |  5.0
Long Blades    | 1 |  1.1
Shields        | 4 |  4.1

Action                   |  1- 3 |  4- 6 |  7- 9 | 10-12 | 13-15 | 16-18 || total
-------------------------+-------+-------+-------+-------+-------+-------++-------
Melee: War axe           |    64 |    84 |   196 |       |       |       ||   344
       Headbutt          |    10 |    14 |    40 |    84 |   179 |     8 ||   335
       Unarmed           |     6 |       |       |       |       |       ||     6
       Flail             |       |    11 |    52 |    14 |       |       ||    77
       Battleaxe         |       |       |     4 |   413 |   729 |    25 ||  1171
       Scimitar          |       |       |       |     7 |       |       ||     7
       Hand axe          |       |       |       |       |    35 |       ||    35
       Punch             |       |       |       |       |     2 |       ||     2
Throw: Dart              |     3 |     1 |     6 |     5 |    16 |       ||    31
       Javelin           |       |       |    22 |    15 |    21 |       ||    58
       Stone             |       |       |     1 |       |       |       ||     1
       Boomerang         |       |       |       |       |    18 |       ||    18
Invok: Heroism           |       |       |       |     8 |    17 |       ||    25
Evoke: Wand              |       |       |     1 |     8 |    18 |       ||    27
  Use: Potion            |       |     1 |     4 |     8 |    14 |       ||    27
       Scroll            |       |     2 |    13 |     8 |    17 |     2 ||    42
 Stab: Invisible         |       |       |       |       |     3 |       ||     3
       Petrifying        |       |       |       |       |     2 |       ||     2
       Petrified         |       |       |       |       |     1 |       ||     1
Armor: Scale mail        |    33 |    51 |    17 |       |       |       ||   101
       Ring mail         |       |       |    81 |    23 |       |       ||   104
       Chain mail        |       |       |       |   248 |   339 |       ||   587
       Plate armour      |       |       |       |       |   408 |    23 ||   431
Dodge: Dodged            |    37 |    67 |   195 |   311 |   648 |     9 ||  1267
Block: Buckler           |    18 |    26 |    54 |       |       |       ||    98
